 Dungeon Crawl Stone Soup version 0.20.0-15-g7f486f2 (webtiles) character file.

29484 ANON1729 the Destroyer (level 13, 0/74 HPs)
             Began as a Tengu Conjurer on June 24, 2017.
             Was an Elder of Vehumet.
             Slain by a seven-headed hydra (10 damage)
             ... on level 2 of the Lair of Beasts on June 25, 2017.
             The game lasted 03:18:14 (21246 turns).

ANON1729 the Destroyer (Tengu Conjurer)            Turns: 21246, Time: 03:18:14

Health: 0/74       AC:  8    Str:  9    XL:     13   Next: 45%
Magic:  29/29      EV: 17    Int: 22    God:    Vehumet [****..]
Gold:   764        SH:  0    Dex: 15    Spells: 18/34 levels left

rFire    + + +     SeeInvis .   n - +4 quarterstaff (chaos)
rCold    . . .     Gourm    .   (shield currently unavailable)
rNeg     . . .     Faith    .   q - +2 robe {rC+ rF+}
rPois    .         Spirit   .   L - +0 hat
rElec    .         Reflect  .   w - +0 cloak
rCorr    .         Harm     .   f - +2 pair of gloves
MR       .....                  (boots unavailable)
Stlth    ++........             k - amulet of regeneration
Regen    0.7/turn               M - ring of protection from fire
MPRegen  0.3/turn               T - ring of fire

@: no status effects
A: beak, talons 3, clever 1, fire resistance 1, able to fly 1
a: Fly, Renounce Religion


You were on level 2 of the Lair of Beasts.
You worshipped Vehumet.
Vehumet was greatly pleased with you.
You were hungry.

You visited 3 branches of the dungeon, and saw 15 of its levels.

You collected 764 gold pieces.

Inventory:

Hand Weapons
 n - a +4 quarterstaff of chaos (weapon)
 p - a +2 dagger of freezing
 G - a +0 scimitar
 I - a +1 great mace of protection
Missiles
 A - a throwing net (quivered)
 D - 2 silver tomahawks
 R - 2 needles of confusion
Armour
 f - a +2 pair of gloves (worn)
 q - a +2 robe of resistance (worn)
 w - a +0 cloak (worn)
 H - a +1 scale mail of fire resistance
 L - a +0 hat (worn)
 P - a +1 robe of magic resistance
 S - +0 steam dragon scales
Jewellery
 k - an amulet of regeneration (around neck)
 y - an uncursed amulet of harm {unknown}
 C - an uncursed amulet of the gourmand {unknown}
 M - a ring of protection from fire (left hand)
 T - a ring of fire (right hand)
Wands
 e - a wand of random effects (26/48)
 J - a wand of confusion (45/48)
 Q - a wand of random effects (18/48)
Scrolls
 g - a scroll of random uselessness {unknown}
 h - 7 scrolls of remove curse
 j - 2 scrolls of immolation
 o - a scroll of vulnerability {unknown}
 s - 2 scrolls of enchant weapon
 t - 2 scrolls of recharging
 v - 2 scrolls of enchant armour
 B - a scroll of magic mapping {unknown}
 E - 4 scrolls of amnesia {unknown}
 F - a scroll of holy word {unknown}
 N - a scroll of blinking {unknown}
Potions
 a - a potion of might {unknown}
 i - a potion of heal wounds {unknown}
 m - 2 potions of haste
 r - 7 potions of brilliance
 u - a potion of mutation {unknown}
 z - 2 potions of agility
 K - a potion of invisibility {unknown}
 O - a potion of lignification {unknown}
Books
 b - a book of Conjurations

   Spells                             Type                      Level
   a - Magic Dart                     Conjuration                  1
   b - Searing Ray                    Conjuration                  2
   c - Dazzling Spray                 Conjuration/Hexes            3
   d - Fulminant Prism                Conjuration/Hexes            4
   e - Force Lance                    Conjuration/Translocation    4
   f - Iskenderun's Mystic Blast      Conjuration                  4
Comestibles
 c - 8 bread rations
 d - 6 meat rations
 x - 14 fruits


   Skills:
 - Level 6.0 Fighting
 - Level 2.1 Short Blades
 - Level 3.1 Armour
 - Level 8.1 Dodging
 - Level 2.0 Stealth
 + Level 11.2 Spellcasting
 + Level 14.7 Conjurations
 * Level 11.4 Fire Magic
 + Level 2.4 Air Magic
 + Level 3.2 Earth Magic
 - Level 2.1 Poison Magic


You had 18 spell levels left.
You knew the following spells:

 Your Spells              Type           Power        Failure   Level  Hunger
a - Magic Dart            Conj           ####         0%          1    None
b - Searing Ray           Conj           ######       0%          2    None
c - Sting                 Conj/Pois      ####         1%          1    None
d - Throw Flame           Conj/Fire      ######       1%          2    None
e - Lightning Bolt        Conj/Air       ######....   1%          5    ####...
f - Bolt of Magma         Conj/Fire/Erth ######....   1%          5    ####...


Dungeon Overview and Level Annotations

Branches:
Dungeon (12/15)            Temple (1/1) D:5            Lair (2/6) D:10
    Orc (0/2) D:12
  Swamp: Lair:2-4    Shoals: Lair:2-4     Snake: Lair:2-4    Spider: Lair:2-4

Altars:
Ashenzari
Cheibriados
Dithmenos
Elyvilon
Fedhas
Gozag
Hepliaklqana
Kikubaaqudgha
Makhleb
Nemelex Xobeh
Okawaru
Qazlal
Ru
Sif Muna
Trog
Vehumet
Xom
Yredelemnul
Zin
The Shining One

Annotations:
D:6 exclusion: oklob plant
D:9 koelner's ghost, novice DsVM


Innate Abilities, Weirdness & Mutations

You have a beak for a mouth.
You have claws for feet.
You can fly.
Your mind is acute. (Int +2)
Your flesh is heat resistant. (rF+)


Message History

The crocodile bites you!
* * * LOW HITPOINT WARNING * * *
The blink frog blinks!
There is a stone staircase leading up, spattered with blood here.
As you read the scroll of fear, it crumbles to dust.
You assume a fearsome visage.
The bullfrog looks frightened!
The spiny frog looks frightened!
The spiny frog croaks.
The crocodile looks frightened!
The seven-headed hydra resists with almost no effort.
The blink frog looks frightened! x2; The hippogriff looks frightened! x2
The spiny frog looks frightened!
The spiny frog croaks.
The blink frog blinks! x2
The seven-headed hydra completely misses you.
The seven-headed hydra barely misses you.
The seven-headed hydra bites you.
* * * LOW HITPOINT WARNING * * *
The seven-headed hydra bites you!
You die...

..##....§...
.#.........
#......§...
##...F......
##...........
.##.F..........
......D..[.....
..P....@.H.....
.P##P..§t......
##F.........
#P..$....F.
##......H..
#......F..
.≈........
#≈≈≈≈.<.≈.


You could see a seven-headed hydra, 2 hippogriffs, 2 spiny frogs, 2 blink frogs,
a crocodile (fleeing) and a bullfrog (fleeing).

Vanquished Creatures
  Gastronok (Lair:1)
  2 hydras
  3 death yaks (D:10)
  3 two-headed ogres
  The ghost of KleinerIrrer the Destroyer, a novice DrCj of Vehumet (Lair:1)
  An orc knight (D:12)
  2 deep elf magi (D:12)
  3 ugly things
  An orc sorcerer (D:12)
  A manticore (D:11)
  2 centaur zombies (D:12)
  A cyclops (D:11)
  Psyche (D:12)
  Joseph (Lair:1)
  A gargoyle (D:12)
  A spiny frog (Lair:1)
  A komodo dragon (D:12)
  A troll (D:11)
  Prince Ribbit (D:9)
  6 blink frogs (Lair:1)
  6 hippogriffs
  3 slime creatures (D:12)
  2 wyverns
  18 yaks
  Sigmund (D:5)
  A basilisk (Lair:1)
  5 hungry ghosts
  4 vampire mosquitoes (D:12)
  A steam dragon (D:11)
  An acid dragon (D:11)
  2 water moccasins
  A soldier ant (D:12)
  4 porcupines
  6 ice beasts
  5 orc warriors
  7 sky beasts
  3 black bears
  2 phantoms
  2 necrophages
  15 centaurs
  5 ogres
  2 crocodiles
  A big kobold (D:10)
  10 bullfrogs
  A wyvern skeleton (D:7)
  6 scorpions
  12 killer bees
  5 jellies (D:12)
  3 howler monkeys
  3 crimson imps
  2 bullfrog zombies
  A quasit (D:8)
  7 hounds
  3 bullfrog skeletons
  4 orc priests
  15 orc wizards
  Crazy Yiuf (D:2)
  Ijyb (D:5)
  4 centaur skeletons
  An iron imp (D:5)
  Jessica (D:2)
  3 iguanas
  6 worker ants
  2 hound skeletons
  A howler monkey zombie (D:5)
  3 worker ant zombies
  17 adders
  7 gnolls
  4 shadow imps
  3 oozes
  An adder zombie (D:5)
  An adder skeleton (D:7)
  A worm (D:3)
  4 dart slugs
  11 leopard geckos
  42 orcs
  10 bats
  4 giant cockroaches
  12 goblins
  11 hobgoblins
  5 jackals
  4 quokkas
  4 ball pythons
  5 frilled lizards
  14 kobolds
  A leopard gecko skeleton (D:4)
  A quokka skeleton (D:5)
  5 rats
  A plant (Lair:1)
394 creatures vanquished.

Vanquished Creatures (others)
  A shadow (D:11)
1 creature vanquished.

Grand Total: 395 creatures vanquished

Notes
Turn   | Place    | Note
-------+----------+-------------------------------------------
     0 | D:1      | ANON1729 the Tengu Conjurer began the quest for the Orb.
     0 | D:1      | Reached XP level 1. HP: 10/10 MP: 4/4
   215 | D:1      | Reached XP level 2. HP: 12/15 MP: 4/6
   677 | D:1      | Reached XP level 3. HP: 19/19 MP: 1/7
   693 | D:1      | Reached skill level 6 in Conjurations
  1357 | D:2      | Noticed Jessica
  1359 | D:2      | Killed Jessica
  1359 | D:2      | Reached XP level 4. HP: 24/24 MP: 4/9
  1787 | D:2      | Found a burning altar of Makhleb.
  1789 | D:2      | Found an iron altar of Okawaru.
  2170 | D:2      | Found a runed door.
  2364 | D:3      | Gained mutation: You can fly. [Tengu growth]
  2364 | D:3      | Reached XP level 5. HP: 28/28 MP: 7/10
  2427 | D:2      | Noticed Crazy Yiuf
  2478 | D:3      | Learned a level 2 spell: Searing Ray
  2518 | D:3      | Reached skill level 7 in Conjurations
  2677 | D:3      | Found a basalt altar of Yredelemnul.
  3304 | D:2      | Killed Crazy Yiuf
  3304 | D:2      | Reached skill level 1 in Short Blades
  3982 | D:4      | Reached XP level 6. HP: 32/32 MP: 3/12
  4273 | D:4      | Found a radiant altar of Vehumet.
  4309 | D:4      | Became a worshipper of Vehumet
  4479 | D:4      | Found a glowing golden altar of the Shining One.
  4484 | D:4      | Found a shimmering altar of Xom.
  4489 | D:4      | Found a glowing silver altar of Zin.
  4494 | D:4      | Found a sacrificial altar of Ru.
  4536 | D:4      | Reached skill level 8 in Conjurations
  4732 | D:4      | Reached XP level 7. HP: 36/36 MP: 7/14
  4866 | D:5      | Entered Level 5 of the Dungeon
  5100 | D:5      | Noticed Sigmund
  5372 | D:5      | Reached skill level 5 in Spellcasting
  5514 | D:5      | Reached skill level 9 in Conjurations
  5594 | D:5      | Found a staircase to the Ecumenical Temple.
  5910 | D:5      | Reached * piety under Vehumet
  5910 | D:5      | Offered knowledge of Shock by Vehumet.
  5923 | D:5      | Gained mutation: You tend to lose your temper in combat. [mutagenic meat]
  5924 | D:5      | Gained mutation: Armour fits poorly on your strangely shaped body. [mutagenic meat]
  5926 | D:5      | Lost mutation: Armour fits poorly on your strangely shaped body. [mutagenic meat]
  5928 | D:5      | Gained mutation: Your flesh is heat resistant. (rF+) [mutagenic meat]
  5987 | D:5      | Killed Sigmund
  5987 | D:5      | Reached XP level 8. HP: 41/41 MP: 12/17
  6108 | D:5      | Reached skill level 10 in Conjurations
  6253 | D:5      | Found a snail-covered altar of Cheibriados.
  6370 | Temple   | Entered the Ecumenical Temple
  6542 | D:5      | Noticed Ijyb
  6553 | D:5      | Killed Ijyb
  7082 | D:6      | Reached skill level 11 in Conjurations
  7082 | D:6      | Reached XP level 9. HP: 38/45 MP: 11/20
  7211 | D:6      | Found a blossoming altar of Fedhas.
  7216 | D:6      | Noticed an oklob plant
  7302 | D:6      | Offered knowledge of Sting by Vehumet.
  7305 | D:6      | Learned a level 1 spell: Sting
  7621 | D:6      | Reached ** piety under Vehumet
  7718 | D:6      | Reached skill level 1 in Fighting
  7718 | D:6      | Reached skill level 1 in Armour
  7810 | D:6      | Reached skill level 1 in Poison Magic
  9305 | D:7      | Offered knowledge of Throw Flame by Vehumet.
  9309 | D:7      | Learned a level 2 spell: Throw Flame
  9369 | D:7      | Reached skill level 1 in Fire Magic
  9802 | D:7      | Reached XP level 10. HP: 56/56 MP: 15/23
  9917 | D:8      | Found an iron altar of Okawaru.
  9952 | D:8      | Reached skill level 5 in Dodging
 10004 | D:8      | Reached *** piety under Vehumet
 10543 | D:9      | Noticed Prince Ribbit
 10557 | D:9      | Killed Prince Ribbit
 10803 | D:9      | Offered knowledge of Inner Flame by Vehumet.
 10854 | D:9      | Noticed koelner's ghost (novice DsVM)
 11061 | D:9      | Found a blossoming altar of Fedhas.
 11273 | D:9      | Found a sparkling altar of Nemelex Xobeh.
 11487 | D:8      | Reached skill level 5 in Fighting
 11705 | D:8      | Reached skill level 5 in Fire Magic
 11828 | D:9      | Noticed a two-headed ogre
 11840 | D:9      | Killed a two-headed ogre
 11900 | D:10     | Entered Level 10 of the Dungeon
 11925 | D:10     | Reached **** piety under Vehumet
 11976 | D:10     | Reached XP level 11. HP: 52/64 MP: 18/24
 11997 | D:10     | Gained mutation: Your mind is acute. (Int +2) [mutagenic meat]
 11998 | D:10     | Lost mutation: You tend to lose your temper in combat. [mutagenic meat]
 12020 | D:10     | Offered knowledge of Lightning Bolt by Vehumet.
 12052 | D:10     | Noticed a death yak
 12081 | D:10     | Noticed a death yak
 12349 | D:10     | Noticed a death yak
 12356 | D:10     | Found a staircase to the Lair.
 12579 | Lair:1   | Entered Level 1 of the Lair of Beasts
 13133 | D:11     | Noticed a cyclops
 13694 | D:11     | Noticed a manticore
 13795 | D:11     | Learned a level 5 spell: Lightning Bolt
 13810 | D:11     | Reached ***** piety under Vehumet
 13923 | D:11     | Killed a manticore
 13923 | D:11     | Reached skill level 12 in Conjurations
 14083 | D:11     | Noticed a purple ugly thing
 14101 | D:11     | Offered knowledge of Bolt of Magma by Vehumet.
 14118 | D:11     | Killed a purple ugly thing
 14278 | D:11     | Reached skill level 1 in Air Magic
 14413 | D:11     | Killed a cyclops
 14683 | D:11     | Noticed a five-headed hydra
 14699 | D:11     | Killed a five-headed hydra
 14699 | D:11     | Reached XP level 12. HP: 70/70 MP: 16/26
 15180 | D:12     | Learned a level 5 spell: Bolt of Magma
 15558 | D:12     | Reached skill level 10 in Spellcasting
 15558 | D:12     | Reached skill level 13 in Conjurations
 15767 | D:12     | Noticed Psyche
 16101 | D:12     | Paralysed by something for 3 turns
 16118 | D:12     | Killed Psyche
 16503 | D:12     | Noticed a six-headed hydra
 16510 | D:12     | Killed a six-headed hydra
 16720 | D:11     | Reached skill level 1 in Earth Magic
 17088 | D:12     | HP: 3/70 [something (17)]
 18619 | D:12     | Found a staircase to the Orcish Mines.
 18923 | D:12     | Noticed a two-headed ogre
 18927 | D:12     | Killed a two-headed ogre
 18927 | D:12     | Reached skill level 10 in Fire Magic
 19052 | D:12     | Reached skill level 14 in Conjurations
 19068 | D:12     | Noticed a two-headed ogre
 19094 | D:12     | Killed a two-headed ogre
 19440 | D:10     | Killed a death yak
 19440 | D:10     | Reached XP level 13. HP: 59/74 MP: 9/28
 19825 | Lair:1   | Offered knowledge of Airstrike by Vehumet.
 20084 | Lair:1   | Noticed Gastronok
 20149 | Lair:1   | Killed Gastronok
 20377 | Lair:1   | Noticed KleinerIrrer's ghost (novice DrCj)
 20397 | Lair:1   | Killed KleinerIrrer's ghost
 20412 | Lair:1   | Noticed Joseph
 20568 | Lair:1   | Killed Joseph
 21246 | Lair:2   | Slain by a seven-headed hydra

Skill      XL: |  1  2  3  4  5  6  7  8  9 10 11 12 13 |
---------------+----------------------------------------+-----
Conjurations   | 6 7 8 9 11 12 14 | 14.7
Spellcasting   | 3 4 5 7 8 9 10 11 | 11.2
Short Blades   | 1 2 |  2.1
Fighting       | 3 5 6 |  6.0
Armour         | 3 |  3.1
Dodging        | 4 8 |  8.1
Poison Magic   | 2 |  2.1
Fire Magic     | 2 5 8 10 11 | 11.4
Air Magic      | 1 2 |  2.4
Earth Magic    | 2 3 |  3.2
Stealth        | |  2.0

Action                   |  1- 3 |  4- 6 |  7- 9 | 10-12 | 13-15 || total
-------------------------+-------+-------+-------+-------+-------++-------
Melee: Unarmed           |    40 |       |       |       |       ||    40
       Kick              |     6 |    10 |     9 |    20 |     8 ||    53
       Peck              |     4 |     2 |     7 |     7 |     5 ||    25
       Dagger            |       |    33 |    28 |       |       ||    61
       Quarterstaff      |       |       |    27 |    88 |    26 ||   141
Throw: Throwing net      |       |       |       |       |     1 ||     1
 Cast: Magic Dart        |    62 |   118 |    81 |   102 |     9 ||   372
       Searing Ray       |       |     9 |    61 |   101 |     3 ||   174
       Throw Flame       |       |       |       |    51 |     5 ||    56
       Sting             |       |       |       |    11 |       ||    11
       Lightning Bolt    |       |       |       |    13 |       ||    13
       Bolt of Magma     |       |       |       |    80 |    49 ||   129
 Abil: Fly               |       |     4 |     1 |    40 |     4 ||    49
Evoke: Wand              |       |       |       |     2 |       ||     2
  Use: Scroll            |       |       |     7 |    11 |     1 ||    19
       Potion            |       |       |       |     7 |       ||     7
 Stab: Sleeping          |     1 |     1 |       |       |       ||     2
       Distracted        |       |     1 |       |       |       ||     1
  Eat: Chunk             |     2 |    11 |    22 |    36 |    10 ||    81
       Royal jelly       |       |       |       |     4 |       ||     4
       Fruit             |       |       |       |     2 |     4 ||     6
       Meat ration       |       |       |       |     2 |       ||     2
Armor: Robe              |    14 |    15 |    29 |    81 |     8 ||   147
Dodge: Dodged            |    69 |    36 |    85 |   369 |    33 ||   592
